 Dungeon Crawl Stone Soup version 0.31-a0-174-g85c54bcb58 (webtiles) character file.

Game seed: 5452294078337161526

297 qw the Shooter (level 6, -2/56 HPs)
             Began as a Naga Hunter on June 15, 2023.
             Slain by a gnoll sergeant
             ... wielding a +2 spear of flaming
              (13 damage)
             ... on level 4 of the Dungeon.
             The game lasted 00:01:10 (2844 turns).

qw the Shooter (Naga Hunter)                        Turns: 2844, Time: 00:01:10

Health: -2/56      AC:  6    Str: 13    XL:     6   Next: 35%
Magic:  6/6        EV:  9    Int: 10    God:
Gold:   221        SH:  0    Dex: 16    Spells: 5/5 levels left

rFire   . . .        Y - +0 shortbow (freeze)
rCold   . . .        (shield currently unavailable)
rNeg    . . .        c - +0 leather armour
rPois   +            (no helmet)
rElec   .            (no cloak)
rCorr   .            k - +2 pair of gloves
SInv    +            (no barding)
Will    .....        (no amulet)
Stlth   ++           (no ring)
HPRegen 0.29/turn    (no ring)
MPRegen 0.10/turn

%: no passive effects
@: very slow
A: AC +2, large, see invisible, deformed body, poison resistance, slowness 2,
spit poison 1, naga tail 1
a: Spit Poison


You were on level 4 of the Dungeon.
You visited 1 branch of the dungeon, and saw 4 of its levels.

You collected 221 gold pieces.


Innate Abilities, Weirdness & Mutations

Your serpentine skin is tough. (AC +2)
You have supernaturally acute eyesight. (SInv)
Armour fits poorly on your strangely shaped body.
Your system is resistant to poisons. (rPois)
You cover ground very slowly.
You can spit poison.
You have a snake-like lower body.


   Skills:
 + Level 3.1 Fighting
 - Level 6.4 Ranged Weapons
 - Level 1.5 Dodging
 - Level 1.5 Stealth


You had 5 spell levels left.
You didn't know any spells.
Your spell library was empty.

Inventory:

Hand Weapons
 Y - a +0 shortbow of freezing (weapon)
Armour
 c - a +0 leather armour (worn)
 k - a +2 pair of gloves (worn)
Jewellery
 e - a ring of fire
Scrolls
 a - a scroll of enchant weapon {unknown}
 i - a scroll of identify
Potions
 g - a potion of mutation {unknown}
 h - a potion of curing {unknown}
 l - a potion of haste {unknown}
 m - a potion of invisibility {unknown}

Dungeon Overview and Level Annotations

Branches:
Dungeon (4/15)
 Temple: D:4-7

Altars:
Fedhas

Shops:
D:1 (   D:2 =

Annotations:
D:1 2 transporters


Message History

The gnoll hits you from afar with a +0 spear.
You shoot an arrow. The arrow hits the gnoll sergeant.
The arrow freezes the gnoll sergeant.
The gnoll sergeant is moderately wounded.
The gnoll sergeant barely misses you.
The gnoll hits you from afar with a +0 spear.
The gnoll hits you but does no damage.
A shadow imp comes into view.
The gnoll sergeant hits you with a +2 spear of flaming.
The gnoll sergeant burns you.
You shoot an arrow. The gnoll sergeant blocks the arrow.
The gnoll hits you but does no damage.
The gnoll sergeant hits you with a +2 spear of flaming.
The gnoll sergeant burns you.
2841 ||| DRINKING potion of heal wounds.
You feel much better.
You have got your breath back.
A gnoll comes into view. It is wielding a +0 whip.
The gnoll barely misses you. The gnoll sergeant closely misses you.
2842 ||| INVOKING Spit Poison.
Aiming: Spit Poison (1% risk of failure)
Press: ? - help, Shift-Dir - straight line, f/p - gnoll sergeant The gnoll sergeant blocks the splash of poison.
The shadow imp hits you.
The gnoll hits you from afar with a +0 spear.
The gnoll sergeant hits you but does no damage.
You shoot an arrow.
The arrow completely misses the gnoll sergeant.
The shadow imp hits you but does no damage.
The gnoll sergeant hits you with a +2 spear of flaming.
The gnoll sergeant burns you.
The gnoll hits you from afar with a +0 spear!
You shoot an arrow.
The arrow hits the gnoll sergeant but does no damage.
The gnoll sergeant is moderately wounded.
You have got your breath back.
The shadow imp hits you but does no damage.
The gnoll hits you from afar with a +0 spear.
The gnoll sergeant hits you with a +2 spear of flaming!
You die...

. .. .# .. ###.#
.# #...### .
#..)..g
#.###g..###
#.#.#.......#
#....g##g.#.#
###.#5@...#.# ..
#.#...#.# ##
#.#...#.#
#.......#
###...### #...#
#...#
#####...########
...............#..


You could see a gnoll sergeant, a gnoll and a shadow imp.

Vanquished Creatures
  A black bear (D:4)
  An orc priest (D:3)
  4 gnolls
  5 adders
  A worm (D:2)
  4 dart slugs
  7 orcs
  7 bats
  7 endoplasms
  2 giant cockroaches
  7 goblins
  6 hobgoblins
  2 jackals (D:3)
  10 quokkas
  7 ball pythons
  A frilled lizard (D:2)
  5 kobolds
  6 rats
83 creatures vanquished.

Notes
Turn   | Place    | Note
-------+----------+-------------------------------------------
     0 | D:1      | qw the Naga Hunter began the quest for the Orb.
     0 | D:1      | Reached XP level 1. HP: 19/19 MP: 1/1
     0 | D:1      | 0 ||| qw: Version: 0.2-a-29-g511e9b1
     0 | D:1      | 0 ||| qw: Game counter: 5606
     0 | D:1      | 0 ||| qw: Always use a shield: true
     0 | D:1      | 0 ||| qw: God list: Okawaru
     0 | D:1      | 0 ||| qw: Allow faded altars: false
     0 | D:1      | 0 ||| qw: Do Orc after D:15 true
     0 | D:1      | 0 ||| qw: Do second Lair branch before Depths: true
     0 | D:1      | 0 ||| qw: Lair rune preference: random
     0 | D:1      | 0 ||| qw: Plans: Normal
     0 | D:1      | 0 ||| PLANNING D:1-11
    85 | D:1      | 85 ||| INVOKING Spit Poison.
    97 | D:1      | 97 ||| INVOKING Spit Poison.
   123 | D:1      | 123 ||| INVOKING Spit Poison.
   124 | D:1      | Reached skill level 4 in Ranged Weapons
   124 | D:1      | Reached XP level 2. HP: 26/26 MP: 2/2
   131 | D:1      | Found Puam's Weapon Shop.
   189 | D:1      | 189 ||| INVOKING Spit Poison.
   192 | D:1      | 192 ||| INVOKING Spit Poison.
   198 | D:1      | Found a faded altar of an unknown god.
   255 | D:1      | 255 ||| INVOKING Spit Poison.
   260 | D:1      | 260 ||| INVOKING Spit Poison.
   300 | D:1      | 300 ||| INVOKING Spit Poison.
   301 | D:1      | Reached XP level 3. HP: 32/32 MP: 3/3
   327 | D:1      | 327 ||| INVOKING Spit Poison.
   332 | D:1      | 332 ||| INVOKING Spit Poison.
   349 | D:1      | 349 ||| INVOKING Spit Poison.
   360 | D:1      | 360 ||| INVOKING Spit Poison.
   410 | D:1      | 410 ||| INVOKING Spit Poison.
   625 | D:1      | 625 ||| INVOKING Spit Poison.
   743 | D:1      | 743 ||| READING scroll labelled YTIAXT QIQO.
   744 | D:1      | 744 ||| DRINKING 4 metallic yellow potions.
   745 | D:1      | 745 ||| DROPPING scroll of butterflies.
   768 | D:2      | 768 ||| INVOKING Spit Poison.
   775 | D:2      | 775 ||| STAIRDANCE
   777 | D:1      | 777 ||| INVOKING Spit Poison.
   833 | D:2      | 833 ||| INVOKING Spit Poison.
   837 | D:2      | 837 ||| INVOKING Spit Poison.
   840 | D:2      | 840 ||| INVOKING Spit Poison.
   846 | D:2      | 846 ||| INVOKING Spit Poison.
   850 | D:2      | 850 ||| INVOKING Spit Poison.
   864 | D:2      | 864 ||| INVOKING Spit Poison.
   867 | D:2      | 867 ||| INVOKING Spit Poison.
   871 | D:2      | Reached skill level 5 in Ranged Weapons
   871 | D:2      | Reached XP level 4. HP: 29/39 MP: 4/4
   872 | D:2      | 872 ||| INVOKING Spit Poison.
   945 | D:2      | 945 ||| INVOKING Spit Poison.
   951 | D:2      | 951 ||| INVOKING Spit Poison.
   959 | D:2      | 959 ||| INVOKING Spit Poison.
   963 | D:2      | 963 ||| INVOKING Spit Poison.
  1005 | D:2      | Found Vometo's Jewellery Shop.
  1016 | D:2      | 1016 ||| SHOPLISTING +5 ring of evasion (432 gold, have
                  | 60).
  1016 | D:2      | 1016 ||| SHOPLISTING ring "Nuaploir" {Ice Str+2} (434 gold,
                  | have 60).
  1016 | D:2      | 1016 ||| SHOPLISTING ring of ice (300 gold, have 60).
  1016 | D:2      | 1016 ||| SHOPLISTING ring of protection from cold (300
                  | gold, have 60).
  1016 | D:2      | 1016 ||| SHOPLISTING ring of willpower (300 gold, have 60).
  1073 | D:2      | 1073 ||| INVOKING Spit Poison.
  1083 | D:2      | 1083 ||| INVOKING Spit Poison.
  1091 | D:2      | 1091 ||| INVOKING Spit Poison.
  1112 | D:2      | 1112 ||| INVOKING Spit Poison.
  1116 | D:2      | 1116 ||| INVOKING Spit Poison.
  1216 | D:2      | 1216 ||| INVOKING Spit Poison.
  1298 | D:2      | 1298 ||| INVOKING Spit Poison.
  1338 | D:2      | 1338 ||| UPGRADING to +0 pair of gloves.
  1343 | D:2      | 1343 ||| READING scroll labelled FIXTY VOUCW.
  1444 | D:2      | 1444 ||| READING scroll labelled MITRIC GUSKOE.
  1445 | D:2      | 1445 ||| READING 3 scrolls labelled WYNEIS HAISUD.
  1446 | D:2      | 1446 ||| READING 2 scrolls of enchant armour.
  1446 | D:2      | 1446 ||| ENCHANTING +0 pair of gloves.
  1447 | D:2      | 1447 ||| READING scroll of enchant armour.
  1447 | D:2      | 1447 ||| ENCHANTING +1 pair of gloves.
  1448 | D:2      | 1448 ||| READING scroll labelled USA CUTIOSEA.
  1449 | D:2      | 1449 ||| READING scroll labelled ADUTERAOGU.
  1450 | D:2      | 1450 ||| READING scroll labelled PEICUNKEFE.
  1451 | D:2      | 1451 ||| READING 3 scrolls of identify.
  1451 | D:2      | 1451 ||| IDENTIFYING bubbling golden potion
  1452 | D:2      | 1452 ||| READING 2 scrolls of identify.
  1452 | D:2      | 1452 ||| IDENTIFYING fuming green potion
  1453 | D:2      | 1453 ||| DROPPING potion of lignification.
  1454 | D:2      | 1454 ||| DROPPING potion of attraction.
  1491 | D:3      | 1491 ||| INVOKING Spit Poison.
  1501 | D:3      | 1501 ||| INVOKING Spit Poison.
  1502 | D:3      | Reached skill level 3 in Fighting
  1507 | D:3      | 1507 ||| INVOKING Spit Poison.
  1516 | D:3      | 1516 ||| INVOKING Spit Poison.
  1549 | D:3      | 1549 ||| INVOKING Spit Poison.
  1570 | D:3      | 1570 ||| INVOKING Spit Poison.
  1649 | D:3      | 1649 ||| INVOKING Spit Poison.
  1652 | D:3      | 1652 ||| INVOKING Spit Poison.
  1653 | D:3      | Reached XP level 5. HP: 49/49 MP: 5/5
  1657 | D:3      | 1657 ||| INVOKING Spit Poison.
  1711 | D:3      | 1711 ||| INVOKING Spit Poison.
  1737 | D:3      | 1737 ||| INVOKING Spit Poison.
  1740 | D:3      | 1740 ||| INVOKING Spit Poison.
  1848 | D:3      | 1848 ||| INVOKING Spit Poison.
  1925 | D:3      | 1925 ||| INVOKING Spit Poison.
  1936 | D:3      | 1936 ||| INVOKING Spit Poison.
  2110 | D:3      | Found a blossoming altar of Fedhas.
  2139 | D:3      | 2139 ||| INVOKING Spit Poison.
  2157 | D:3      | 2157 ||| INVOKING Spit Poison.
  2460 | D:3      | 2460 ||| READING scroll labelled IKUHIPP XIRRULL.
  2461 | D:3      | 2461 ||| READING scroll labelled JEDWIWK GYCVI.
  2462 | D:3      | 2462 ||| READING scroll labelled SIOSKUMILE.
  2587 | D:4      | 2587 ||| INVOKING Spit Poison.
  2594 | D:4      | 2594 ||| INVOKING Spit Poison.
  2597 | D:4      | 2597 ||| INVOKING Spit Poison.
  2603 | D:4      | 2603 ||| INVOKING Spit Poison.
  2653 | D:4      | Noticed a black bear
  2655 | D:4      | 2655 ||| INVOKING Spit Poison.
  2660 | D:4      | 2660 ||| INVOKING Spit Poison.
  2661 | D:4      | Killed a black bear
  2662 | D:4      | Reached skill level 6 in Ranged Weapons
  2662 | D:4      | Reached XP level 6. HP: 20/56 MP: 6/6
  2664 | D:4      | 2664 ||| INVOKING Spit Poison.
  2669 | D:4      | 2669 ||| INVOKING Spit Poison.
  2760 | D:4      | 2760 ||| INVOKING Spit Poison.
  2764 | D:4      | 2764 ||| INVOKING Spit Poison.
  2822 | D:4      | 2822 ||| INVOKING Spit Poison.
  2827 | D:4      | 2827 ||| Stepping ~*~*~tactically~*~*~ (outnumbered).
  2828 | D:4      | 2828 ||| INVOKING Spit Poison.
  2831 | D:4      | HP: 14/56 [gnoll sergeant/+2 spear of flaming (4)]
  2832 | D:4      | 2832 ||| DRINKING 3 potions of heal wounds.
  2834 | D:4      | 2834 ||| INVOKING Spit Poison.
  2836 | D:4      | HP: 13/56 [gnoll/+0 spear[a gnoll sergeant] (5)]
  2837 | D:4      | 2837 ||| DRINKING 2 potions of heal wounds.
  2838 | D:4      | 2838 ||| INVOKING Spit Poison.
  2841 | D:4      | 2841 ||| DRINKING potion of heal wounds.
  2842 | D:4      | 2842 ||| INVOKING Spit Poison.
  2843 | D:4      | HP: 14/56 [gnoll/+0 spear[a gnoll sergeant] (7)]
  2844 | D:4      | Slain by a gnoll sergeant

Levels and vault maps discovered:
D:1:      spicycebolla_arrival_transporter_tutorial, layout_loops_ring,
          serial_shops, nicolae_shop_pleasant_corner_grove,
          shapermc_ecumenical_altar_gd, hangedman_abyss_or_decor_lesser_grid
D:2:      layout_rooms, serial_shops, shop
D:3:      layout_basic, fedhas_altar_4
D:4:      layout_loops_cross, doesnt_xom_only_xom, grunt_temple_overflow_open,
          nicolae_shop_i_like_big_books

Skill      XL: |  1  2  3  4  5 |
---------------+----------------+-----
Ranged Weapons | 4 5 6 |  6.4
Fighting       | 3 |  3.1
Dodging        | |  1.5
Stealth        | |  1.5

Action                     |  1- 3 |  4- 6 || total
---------------------------+-------+-------++-------
   Fire: Shortbow          |    65 |   133 ||   198
Ability: Spit Poison       |    23 |    44 ||    67
    Use: Scroll            |     1 |    13 ||    14
         Potion            |     1 |     3 ||     4
 Armour: Leather armour    |    19 |    19 ||    38
  Dodge: Dodged            |    23 |    29 ||    52

Table legend:
 A = Non-vault XP
 B = Vault XP
 C = Vault XP percentage of total XP
 D = Non-vault monster count
 E = Vault monster count
 F = Vault count percentage of total count
                 A         B        C        D         E       F
            +---------+---------+-------+---------+---------+-------
      Total |     425 |       0 |   0.0 |      83 |       0 |   0.0
            +---------+---------+-------+---------+---------+-------
        D:1 |      65 |       0 |   0.0 |      28 |       0 |   0.0
        D:2 |      78 |       0 |   0.0 |      23 |       0 |   0.0
        D:3 |     132 |       0 |   0.0 |      25 |       0 |   0.0
        D:4 |     150 |       0 |   0.0 |       7 |       0 |   0.0
            +---------+---------+-------+---------+---------+-------
